 Dungeon Crawl Stone Soup version 0.31-a0-1589-g8f5e8aebd6 (webtiles) character file.

Game seed: 2153207769351680612

84 case the Magician (level 4, -4/32 HPs)
             Began as a Human Hedge Wizard on Jan 6, 2024.
             Was a Believer of Vehumet.
             Killed by nerve-wracking pain
             ... invoked by Grinder
              (14 damage)
             ... on level 3 of the Dungeon.
             The game lasted 00:07:12 (1523 turns).

case the Magician (Human Hedge Wizard)              Turns: 1523, Time: 00:07:13

Health: -4/32      AC:  2    Str: 10    XL:     4   Next: 45%
Magic:  6/9        EV: 12    Int: 16    God:    Vehumet [**....]
Gold:   180        SH:  0    Dex: 13    Spells: 7/10 levels left

rFire   . . .        e - +2 dagger (venom)
rCold   . . .        (no shield)
rNeg    . . .        b - +0 robe
rPois   .            c - +0 hat
rElec   .            (no cloak)
rCorr   .            (no gloves)
SInv    .            (no boots)
Will    .....        (no amulet)
Stlth   ++           (no ring)
HPRegen 0.25/turn    (no ring)
MPRegen 0.11/turn

%: no passive effects
@: no status effects
A: explore regen
a: Renounce Religion


You were on level 3 of the Dungeon.
You worshipped Vehumet.
Vehumet was pleased with you.
You visited 1 branch of the dungeon, and saw 3 of its levels.

You collected 180 gold pieces.

Inventory:

Hand Weapons
 e - a +2 dagger of venom (weapon)
Armour
 b - a +0 robe (worn)
 c - a +0 hat (worn)
Jewellery
 k - a ring of protection from fire
Scrolls
 g - a scroll of fog {unknown}
 h - a scroll of identify {unknown}
 i - a scroll of fear {unknown}
 l - a scroll of vulnerability {unknown}
Potions
 a - a potion of curing {unknown}
 d - a potion of magic
 f - a potion of lignification {unknown}
 j - a potion of brilliance {unknown}
 m - 2 potions of heal wounds {unknown}


   Skills:
 + Level 1.3 Fighting
 + Level 1.3 Short Blades
 - Level 2.0 Dodging
 - Level 2.0 Stealth
 * Level 3.7 Spellcasting
 + Level 1.8 Conjurations
 - Level 1.0 Summonings
 - Level 1.0 Translocations
 + Level 1.1 Alchemy


You had 7 spell levels left.
You knew the following spells:

 Your Spells              Type           Power      Damage    Failure   Level
a - Magic Dart            Conj           32%        1d4       9%          1
b - Sting                 Conj/Alch      28%        1d4       10%         1
c - Slow                  Hex            8%         N/A       17%         1

Your spell library contained the following spells:

 Spells                   Type           Power      Damage    Failure   Level
 Scorch                   Fire           4%         2d5       26%         2
 Blink                    Tloc           12%        N/A       17%         2
 Call Imp                 Summ           12%        N/A       17%         2
 Cigotuvi's Dreadful Rot  Necr/Alch/Air  8%         N/A       22%         2
 Mephitic Cloud           Conj/Alch/Air  6%         N/A       34%         3


Dungeon Overview and Level Annotations

Branches:
Dungeon (3/15)

Altars:
Vehumet
The Shining One

Shops:
D:2 =

Annotations:
D:3 Grinder


Innate Abilities, Weirdness & Mutations

You regain HP and MP as you explore.


Message History

Casting: Magic Dart (safe; 9% risk of failure)
Confirm with . or Enter, or press ? or * to list all spells.
Aiming: Magic Dart (safe; 9% risk of failure)
Press: ? - help, Shift-Dir - straight line, f/p - howler monkey
Aim: a howler monkey (almost dead, catching its breath, 100% to hit)
The magic dart hits the howler monkey.
You kill the howler monkey!
Vehumet accepts your kill.
You feel your power returning. The hobgoblin barely misses you.
Your Alchemy skill increases to level 1!
You have reached level 4!
You feel agile.
Casting: Magic Dart (safe; 9% risk of failure)
Confirm with . or Enter, or press ? or * to list all spells.
Aiming: Sting (safe; 10% risk of failure)
Press: ? - help, Shift-Dir - straight line, f - Grinder
Aim: Grinder (64% to hit)
The sting hits Grinder but does no damage.
Grinder is poisoned.
The hobgoblin hits you. Grinder says, "Are you a fish?"
Grinder attacks as she pursues you! Grinder closely misses you.
The hobgoblin attacks as it pursues you!
The hobgoblin hits you.
Okay, then.
Grinder hits you but does no damage.
The hobgoblin attacks as it pursues you!
The hobgoblin closely misses you. Grinder hits you.
You writhe in agony.
* * * LOW HITPOINT WARNING * * *
The hobgoblin attacks as it pursues you!
The hobgoblin misses you.
Grinder looks more healthy.
Grinder gestures at you. Pain shoots through your body!
* * * LOW HITPOINT WARNING * * *
The hobgoblin attacks as it pursues you!
The hobgoblin barely misses you. Grinder gestures at you.
Pain shoots through your body!
You die...
Grinder says, "Hey, I wasn't done torturing you yet!"

###### #....#.
#.##.#.# #.<#.#.# #
#..#.#.# #.####.#.#
...#.#.#
#####.#.#.#######.##..
#......@..............
#.###.#...#######.....
.>......g..####### #..
#####........%....
######5#######
########..##)..#
#....†.....'...#
#......$..##...+
#.........# ..#


You could see Grinder and a hobgoblin.

Vanquished Creatures
  A howler monkey (D:3)
  A ribbon worm (D:2)
  A dart slug (D:1)
  4 endoplasms
  3 giant cockroaches (D:1)
  4 goblins
  9 hobgoblins
  3 quokkas
  2 ball pythons
  4 bats
  3 kobolds
  2 rats
37 creatures vanquished.

Notes
Turn   | Place    | Note
-------+----------+-------------------------------------------
     0 | D:1      | case the Human Hedge Wizard began the quest for the Orb.
     0 | D:1      | Reached XP level 1. HP: 13/13 MP: 4/4
    99 | D:1      | Found a faded altar of an unknown god.
   128 | D:1      | Prayed at the altar of an unknown god.
   128 | D:1      | Became a worshipper of Vehumet
   128 | D:1      | Reached * piety under Vehumet
   128 | D:1      | Offered knowledge of Sting by Vehumet.
   131 | D:1      | Learned a level 1 spell: Sting
   133 | D:1      | Learned a level 1 spell: Slow
   193 | D:1      | Reached XP level 2. HP: 14/20 MP: 0/6
   897 | D:1      | Reached XP level 3. HP: 23/25 MP: 7/7
  1123 | D:2      | Found Qedil's Jewellery Shoppe.
  1173 | D:2      | Reached skill level 1 in Fighting
  1203 | D:2      | Reached skill level 1 in Short Blades
  1265 | D:2      | Found a glowing golden altar of the Shining One.
  1482 | D:3      | Reached ** piety under Vehumet
  1482 | D:3      | Offered knowledge of Scorch by Vehumet.
  1503 | D:3      | Noticed Grinder
  1512 | D:3      | Reached skill level 1 in Alchemy
  1512 | D:3      | Reached XP level 4. HP: 19/32 MP: 6/9
  1523 | D:3      | Killed from afar by Grinder

Illustrated notes

Levels and vault maps discovered:
D:1:      lightli_arrival_maybe_door_vault, layout_rooms,
          dreamdust_ecumenical_altar_angels_and_demons, serial_glass,
          glass_columns_a, glass_columns_b, minmay_surrounded
D:2:      layout_basic, serial_shops, nicolae_shop_gaudy_bauble, basic_altar,
          minmay_crystal_water
D:3:      layout_basic, trog_antimagical, gammafunk_ghost_arena,
          item_on_display_a, uniq_robin, uniq_grinder

Skill      XL: |  1  2  3 |
---------------+----------+-----
Fighting       | 1 |  1.3
Short Blades   | 1 |  1.3
Alchemy        | 1 |  1.1
Dodging        | |  2.0
Stealth        | |  2.0
Spellcasting   | |  3.7
Conjurations   | |  1.8
Summonings     | |  1.0
Translocations | |  1.0

Action                     |  1- 3 |  4- 6 || total
---------------------------+-------+-------++-------
  Melee: Dagger            |    97 |       ||    97
         Punch             |     1 |       ||     1
   Cast: Magic Dart        |    26 |       ||    26
         Sting             |    15 |     1 ||    16
    Use: Scroll            |     2 |       ||     2
   Stab: Sleeping          |     5 |       ||     5
 Armour: Robe              |    67 |     4 ||    71
  Dodge: Dodged            |    98 |     4 ||   102

Table legend: (Time is in decaauts)
 A = Elapsed time spent in this place.
 B = Non-inter-level travel time spent in this place.
 C = Inter-level travel time spent in this place.
 D = Time resting spent in this place.
 E = Time spent auto-exploring this place.
 F = Levels seen in this place.
 G = Mean time per level.
                   A        B        C        D        E       F      G
               +--------+--------+--------+--------+--------+-----+--------+
         Total |   1519 |   1494 |     25 |      0 |   1077 |   3 |  506.3 |
       Dungeon |   1519 |   1494 |     25 |      0 |   1077 |   3 |  506.3 |
               +--------+--------+--------+--------+--------+-----+--------+

Top non-repeatable levels by time:
     D:1: 946 daAuts
     D:2: 513 daAuts
     D:3: 59 daAuts
